cohdb
Replays
Latest Replays
All Replays
Popular Replays
Top Player Replays
Match Explorer
How It Works
Community
CoH3 Stats
Reddit
Sign in to upload your games and track your stats! →
Sign in with Steam
Match 46637132
Unlisted
Match 46637132
Overview
Messages
Build Orders
End
Selects Italian Coastal Battlegroup
Selects Italian Coastal Battlegroup
Selects Coastal Reserves
Coastal Reserve
Kettenkrad Recon Vehicle
Construct Infanterie Kompanie
MG 42 Machine Gun Team
Coastal Reserve
Construct Panzergrenadier Kompanie
251 Medium Carrier
Selects Support Bunkers
Pak 40 Anti-tank Gun Team
Medical Bunker
251 Medium Carrier
Selects Artillery Officer
Artillery Officer
MIHua
Ashur
Angrybirds
Ark Royal
0
0
Comments
sign in to comment!
No comments posted yet!